 Dungeon Crawl Stone Soup version 0.17.0-56-gd8de76c (webtiles) character file.

91 Peloso the Shield-Bearer (level 4, -1/40 HPs)
             Began as a Minotaur Fighter on Dec 6, 2015.
             Killed from afar by an orc wizard (5 damage)
             ... with a magic dart
             ... on level 3 of the Dungeon.
             The game lasted 00:05:41 (1604 turns).

Peloso the Shield-Bearer (Minotaur Fighter)         Turns: 1604, Time: 00:05:41

Health: -1/40      AC:  7    Str: 25    XL:     4   Next: 33%
Magic:  3/3        EV: 12    Int:  5    God:
Gold:   107        SH: 10    Dex: 11    Spells: 0 memorised, 3 levels left

rFire  . . .     SeeInvis .     a - +0 long sword
rCold  + . .     Clarity  .     b - +0 scale mail
rNeg   . . .     SustAt   .     c - +0 shield
rPois  .         Gourm    .     (helmet restricted)
rElec  .         Spirit   .     (no cloak)
rCorr  .         Warding  .     (no gloves)
rMut   .         Stasis   .     (no boots)
MR     .....                    (no amulet)
Stlth  ..........               p - ring of protection from cold
                                j - +4 ring of evasion

@: mighty, not resistant to hostile enchantments, extremely unstealthy
A: retaliatory headbutt, horns 2
a: no special abilities


You were on level 3 of the Dungeon.
You were not hungry.

You visited 1 branch of the dungeon, and saw 3 of its levels.

You collected 107 gold pieces.

Inventory:

Hand Weapons
 a - a +0 long sword (weapon)
Armour
 b - a +0 scale mail (worn)
 c - a +0 shield (worn)
Jewellery
 j - a +4 ring of evasion (left hand)
 p - a ring of protection from cold (right hand)
Wands
 r - a wand of magic darts (16)
 s - a wand of digging (17)
Scrolls
 f - 2 scrolls of enchant weapon {unknown}
 i - 3 scrolls of identify {unknown}
 k - a scroll of random uselessness {unknown}
 n - 3 scrolls of remove curse {unknown}
Potions
 d - 2 potions of might
 g - a potion of haste {unknown}
 h - a potion of heal wounds {unknown}
 l - a potion of cancellation {unknown}
 m - 2 potions of curing {unknown}
 o - a potion of beneficial mutation {unknown}
 u - 2 potions of magic {unknown}
Comestibles
 e - 3 bread rations
 q - a chunk of flesh
 t - 4 fruits


   Skills:
 + Level 4.1 Fighting
 + Level 3.1 Long Blades
 + Level 4.3 Armour
 + Level 1.3 Dodging
 + Level 4.6 Shields


You had 3 spell levels left.
You didn't know any spells.

Dungeon Overview and Level Annotations

Branches:
Dungeon (3/15)

Altars:

Annotations:
D:3 Ijyb


Innate Abilities, Weirdness & Mutations

You reflexively headbutt those who attack you in melee.
You have a pair of horns on your head.


Message History

You slash the adder!
You kill the adder!
Ijyb closely misses you.
The orc warrior hits you with a flail of protection!!
* * * LOW HITPOINT WARNING * * *
You block the orc's attack. The hobgoblin misses you. You furiously retaliate!
You headbutt the hobgoblin!!
You kill the hobgoblin!
You slash Ijyb! Your headbutt misses Ijyb.
Ijyb is heavily wounded.
Ijyb barely misses you. You furiously retaliate!
You headbutt Ijyb. The orc warrior misses you. You furiously retaliate!
You headbutt the orc warrior, but do no damage.
The orc hits you but does no damage. You block Ijyb's attack.
The goblin closely misses you.
You barely miss Ijyb.
Ijyb is severely wounded.
The orc wizard points at you and mumbles some strange words.
The magic dart hits you!
You die...

### ...... ...
..... ..$. ....
..... ... .....##
.. .....o.#.
......o†##
o......@g#
########g####
#####.g.g...#
#...........#
#........<..#
#...........#####
#....g...........
#.......)........
....$............


You could see an orc warrior, Ijyb, an orc wizard, an orc and 2 goblins.

Vanquished Creatures
  Terence (D:2)
  An adder (D:3)
  A worm (D:2)
  3 ball pythons
  11 bats
  14 hobgoblins
  A jackal (D:3)
  A giant cockroach (D:2)
  3 giant newts
  5 goblins
  5 kobolds
  8 rats
54 creatures vanquished.

Notes
Turn   | Place    | Note
--------------------------------------------------------------
     0 | D:1      | Peloso the Minotaur Fighter began the quest for the Orb.
     0 | D:1      | Reached XP level 1. HP: 19/19 MP: 0/0
   219 | D:1      | Reached XP level 2. HP: 24/27 MP: 1/1
   244 | D:1      | Reached skill level 4 in Shields
  1059 | D:2      | Reached XP level 3. HP: 29/33 MP: 2/2
  1151 | D:2      | Noticed Terence
  1163 | D:2      | Killed Terence
  1163 | D:2      | Reached skill level 1 in Dodging
  1213 | D:2      | Reached XP level 4. HP: 32/40 MP: 3/3
  1578 | D:3      | Noticed Ijyb
  1593 | D:3      | Noticed an orc warrior
  1604 | D:3      | Killed from afar by an orc wizard

Action                   |  1- 3 |  4- 6 || total
-------------------------+-------+-------++-------
Melee: Long sword        |    92 |    31 ||   123
  Use: Potion            |       |     1 ||     1
  Eat: Chunk             |     1 |     1 ||     2
